 Dungeon Crawl Stone Soup version 0.31-a0-803-g95b03c3367 (webtiles) character file.

Game seed: 4946817920123465159

79 ytrimaz the Insei (level 4, -2/42 HPs)
             Began as an Octopode Shapeshifter on Sept 20, 2023.
             Was an Initiate of Ashenzari.
             Slain by Terence
             ... wielding a +0 flail
              (5 damage)
             ... on level 3 of the Dungeon.
             The game lasted 00:02:13 (1414 turns).

ytrimaz the Insei (Octopode Shapeshifter)           Turns: 1414, Time: 00:02:14

Health: -2/42      AC: 22    Str: 13    XL:     4   Next: 38%
Magic:  4/4        EV:  2    Int: 12    God:    Ashenzari [......]
Gold:   122        SH:  0    Dex: 13    Spells: 3/3 levels left

rFire   . .          .
                       - Unarmed
rCold   . . .        (no shield)
rNeg    . . .        (helmet currently unavailable)
rPois   +            (no amulet)
rElec   .            (no ring)
rCorr   .            (no ring)
SInv    .            (no ring)
Will    .....        (no ring)
Stlth   +            (no ring)
HPRegen 0.27/turn    (no ring)
MPRegen 0.09/turn    (no ring)
                     (no ring)

%: no passive effects
@: tree-form
A: stationary, stasis, torment immunity, boosted hp, almost no armour,
(amphibious), 8 rings, (camouflage 1), (gelatinous body 1), (nimble swimmer 1),
(tentacles)
a: Renounce Religion


You were on level 3 of the Dungeon.
You worshipped Ashenzari.
Ashenzari was noncommittal.
You were a tree.
You visited 1 branch of the dungeon, and saw 3 of its levels.

You collected 122 gold pieces.


Innate Abilities, Weirdness & Mutations

You are a tree.
Your roots penetrate the ground, keeping you stationary.
You cannot be teleported.
You are immune to unholy pain and torment.
Your maximum health is greatly increased.
You cannot wear most types of armour.
((You are amphibious.))
You can wear up to eight rings at the same time.
((Your skin changes colour to match your surroundings (Stealth+).))
((Your rubbery body absorbs attacks. (AC +1, EV +1)))
((You are camouflaged when in or above water. (Stealth+)))
((You have tentacles for arms and can constrict up to eight enemies at once.))


   Skills:
 - Level 1.0 Fighting
 - Level 2.0 Dodging
 + Level 4.1 Unarmed Combat
 + Level 4.0 Shapeshifting


You had 3 spell levels left.
You didn't know any spells.
Your spell library was empty.

Inventory:

Talismans
 b - a beast talisman
 c - a flux talisman
Scrolls
 h - a scroll of teleportation
 m - 2 scrolls of enchant armour
Potions
 d - 2 potions of heal wounds {unknown}
 e - 2 potions of enlightenment {unknown}
 g - 2 potions of degeneration {unknown}
 j - a potion of haste {unknown}
 l - a potion of magic {unknown}

Dungeon Overview and Level Annotations

Branches:
Dungeon (3/15) Zot: 16591

Altars:
Ashenzari

Annotations:
D:3 Terence

.. ... ....# #
#...######.#
#...r♣.....#
#....@..####
#......#...#.#
#..... #.#.#.###
#.....##.#.#.).#
.........#.###.#
.........#.....#
......#..#..####
##.....#..###


You could see Terence and a quokka.


Message History

Your surroundings suddenly seem different.
As you read the scroll labelled QAIDDALIUM, it crumbles to dust.
Magic quickly surges around you.
It was a scroll of vulnerability.
Unknown command.
As you read the scroll labelled IRANLI TOFEOFE, it crumbles to dust.
You feel momentarily disoriented.
It was a scroll of revelation.
Unknown command.
As you read the scroll labelled MOECWUCAO, it crumbles to dust.
It is a scroll of enchant armour.
You aren't carrying any armour which can be enchanted further.
You start waiting.
You feel your willpower return.
Unknown command.
There is a stone staircase leading down here.
You climb downwards.
There is a stone staircase leading up here.
Unknown command.
Found a stone staircase leading up.
There is a stone staircase leading up here.
You now have 122 gold pieces (gained 8).
Key pressed, stopping explore.
No target in view!
Key pressed, stopping explore.
No target in view!
Key pressed, stopping explore.
No target in view!
Terence and an endoplasm come into view.
The helpless endoplasm fails to defend itself.
You bludgeon the endoplasm!
You kill the endoplasm!
No target in view!
Unknown command.
A kobold comes into view. It is wielding a +0 dagger.
The helpless kobold fails to defend itself.
You tentacle-slap the kobold.
You kill the kobold!
Your Shapeshifting skill increases to level 4!
Things that are here:
a +0 dagger; a stone; a kobold corpse No target in view!
No target in view!
A quokka comes into view.
Terence shouts!
Terence hits you with a +0 flail. 😕 HP[-3]
You take 3 damage, and now have 25/28 hp.
Terence completely misses you. 😕 HP[+1]
You tentacle-slap Terence. You grab Terence.
You constrict Terence, but do no damage.
The quokka barely misses you. Terence closely misses you.
Unknown command.
You tentacle-slap Terence.
You constrict Terence, but do no damage.
The quokka misses you. Terence barely misses you.
You tentacle-slap Terence. Your squeeze misses Terence. You constrict Terence.
The quokka bites you. Terence hits you with a +0 flail!
* * * LOW HITPOINT WARNING * * *
The quokka bites you but does no damage.
You are too injured to fight recklessly! 😨 HP[-15]
You take 15 damage, and now have 11/28 hp.
MASSIVE DAMAGE!! (PAUSE)
You tentacle-slap Terence but do no damage.
You constrict Terence, but do no damage.
Terence barely misses you. The quokka bites you.
* * * LOW HITPOINT WARNING * * *
😨 HP[-3]
You take 3 damage, and now have 8/28 hp.
You are too injured to fight recklessly!
You tentacle-slap Terence but do no damage.
You constrict Terence, but do no damage.
Terence barely misses you. The quokka bites you.
* * * LOW HITPOINT WARNING * * *
😱 HP[-1]
You take 1 damage, and now have 7/28 hp.
Unknown command.
Your transformation has ended.
You turn into a tree.
Your roots penetrate the ground.
You lose your grip on Terence.
The quokka bites you but does no damage.
Terence hits you but does no damage. 😨 HP[+4]
You now have 42 max hp (+14).
You regained 4 hp, and now have 11/42 hp.
Unknown command.
You hit Terence but do no damage.
The quokka bites you but does no damage.
Terence hits you but does no damage.
You hit Terence. The quokka bites you.
* * * LOW HITPOINT WARNING * * *
Terence hits you with a +0 flail!
* * * LOW HITPOINT WARNING * * *
Unknown command. 😱 HP[-8]
You take 8 damage, and now have 3/42 hp.
You hit Terence but do no damage.
The quokka bites you but does no damage.
Terence hits you with a +0 flail.
You die...

Skill      XL: |  1  2  3  4 |
---------------+-------------+-----
Unarmed Combat | 4 |  4.1
Shapeshifting  | 4 |  4.0
Fighting       | |  1.0
Dodging        | |  2.0

Action                     |  1- 3 |  4- 6 || total
---------------------------+-------+-------++-------
  Melee: Unarmed           |    43 |    32 ||    75
         Constrict         |     8 |     6 ||    14
         Tentacles         |     7 |     4 ||    11
         Punch             |     1 |     1 ||     2
    Use: Scroll            |       |     5 ||     5
         Potion            |       |     1 ||     1
   Stab: Sleeping          |     5 |     9 ||    14
 Armour: Skin              |    11 |    22 ||    33
  Dodge: Dodged            |    17 |    13 ||    30

Levels and vault maps discovered:
D:1:      matt_arrival_los_fun, layout_basic,
          hellmonk_ecumenical_altar_crossroads
D:2:      layout_rooms, basic_altar, minmay_rat_gold_closets, uniq_jessica
D:3:      layout_basic, serial_glass, glass_columns_b, glass_columns_b,
          uniq_terence

Notes
Turn   | Place    | Note
-------+----------+-------------------------------------------
     0 | D:1      | ytrimaz the Octopode Shapeshifter began the quest for the
                  | Orb.
     0 | D:1      | Reached XP level 1. HP: 13/13 MP: 1/1
     0 | D:1      | magus.rc [v1.9.6]
   242 | D:1      | Reached XP level 2. HP: 18/18 MP: 2/2
   313 | D:1      | magus.rc [v1.9.6]
   314 | D:1      | Found a faded altar of an unknown god.
   837 | D:2      | Reached XP level 3. HP: 19/23 MP: 3/3
   880 | D:2      | Noticed Jessica
   891 | D:2      | Killed Jessica
   892 | D:2      | Reached skill level 4 in Unarmed Combat
   892 | D:2      | Reached XP level 4. HP: 28/28 MP: 4/4
   928 | D:2      | Found a broken altar of Ashenzari.
   942 | D:2      | Became a worshipper of Ashenzari the Shackled
  1395 | D:3      | Noticed Terence
  1401 | D:3      | Reached skill level 4 in Shapeshifting
  1410 | D:3      | HP: 7/28 [quokka (1)]
  1413 | D:3      | HP: 3/42 [Terence/+0 flail (7)]
  1414 | D:3      | Slain by Terence

Vanquished Creatures
  Jessica (D:2)
  An adder (D:2)
  A worm (D:2)
  A dart slug (D:1)
  3 bats (D:2)
  6 endoplasms
  2 goblins
  4 hobgoblins
  A quokka (D:1)
  6 ball pythons
  A frilled lizard (D:2)
  2 kobolds
  11 rats
40 creatures vanquished.

Table legend:
 A = Non-vault XP
 B = Vault XP
 C = Vault XP percentage of total XP
 D = Non-vault monster count
 E = Vault monster count
 F = Vault count percentage of total count
                 A         B        C        D         E       F
            +---------+---------+-------+---------+---------+-------
      Total |      69 |      45 |  39.5 |      31 |       9 |  22.5
            +---------+---------+-------+---------+---------+-------
        D:1 |      21 |       0 |   0.0 |      11 |       0 |   0.0
        D:2 |      44 |      45 |  50.6 |      18 |       9 |  33.3
        D:3 |       4 |       0 |   0.0 |       2 |       0 |   0.0
            +---------+---------+-------+---------+---------+-------

Skill      XL: |  1  2  3  4 |
---------------+-------------+-----
Unarmed Combat | 4 |  4.1
Shapeshifting  | 4 |  4.0
Fighting       | |  1.0
Dodging        | |  2.0

Action                     |  1- 3 |  4- 6 || total
---------------------------+-------+-------++-------
  Melee: Unarmed           |    43 |    32 ||    75
         Constrict         |     8 |     6 ||    14
         Tentacles         |     7 |     4 ||    11
         Punch             |     1 |     1 ||     2
    Use: Scroll            |       |     5 ||     5
         Potion            |       |     1 ||     1
   Stab: Sleeping          |     5 |     9 ||    14
 Armour: Skin              |    11 |    22 ||    33
  Dodge: Dodged            |    17 |    13 ||    30

Illustrated notes

Table legend:
 A = Kills in this place as a percentage of kills in the entire game.
 B = Kills by you in this place as a percentage of kills by you in the entire game.
 C = Kills by friends in this place as a percentage of kills by friends in the entire game.
 D = Other kills in this place as a percentage of other kills in the entire game.
 E = Experience gained in this place as a percentage of experience gained in the entire game.
 F = Experience gained in this place divided by the number of levels of this place that you have seen.
                   A       B       C       D       E      F
               +-------+-------+-------+-------+-------+----------------------
         Total | 100.0 | 100.0 |   N/A |   N/A | 100.0 |  38.0
       Dungeon | 100.0 | 100.0 |   N/A |   N/A | 100.0 |  38.0
               +-------+-------+-------+-------+-------+----------------------

Table legend: (Time is in decaauts)
 A = Elapsed time spent in this place.
 B = Non-inter-level travel time spent in this place.
 C = Inter-level travel time spent in this place.
 D = Time resting spent in this place.
 E = Time spent auto-exploring this place.
 F = Levels seen in this place.
 G = Mean time per level.
                   A        B        C        D        E       F      G
               +--------+--------+--------+--------+--------+-----+--------+
         Total |   1408 |   1363 |     45 |     39 |   1050 |   3 |  469.3 |
       Dungeon |   1408 |   1363 |     45 |     39 |   1050 |   3 |  469.3 |
               +--------+--------+--------+--------+--------+-----+--------+

Top non-repeatable levels by time:
     D:1: 754 daAuts
     D:2: 596 daAuts
     D:3: 57 daAuts
